 Dungeon Crawl Stone Soup version 0.24-a0-434-gd57e52fea8 (webtiles) character file.

Game seed: 11549025284424126869

108138 Azzok the Eclecticist (level 16, -1/96 HPs)
             Began as a Mummy Fire Elementalist on June 14, 2019.
             Was an Initiate of Gozag.
             Slain by a demonic crawler (5 damage)
             ... on level 1 of the Spider Nest on June 15, 2019.
             The game lasted 01:25:40 (48393 turns).

Azzok the Eclecticist (Mummy Fire Elementalist)    Turns: 48393, Time: 01:25:41

Health: -1/96      AC:  6    Str: 13    XL:     16   Next: 1%
Magic:  36/36      EV: 12    Int: 22    God:    Gozag
Gold:   227        SH:  5    Dex: 16    Spells: 29/47 levels left

rFire    . . .     SeeInvis +   s - staff of fire
rCold    + . .     Gourm    .   w - +0 buckler (curse)
rNeg     + + +     Faith    .   a - +1 robe
rPois    ∞         Spirit   .   j - +0 hat {Int+3}
rElec    .         Reflect  .   k - scarf {repulsion}
rCorr    +         Harm     .   J - +2 pair of gloves {Dex+3}
MR       ++...                  (no boots)
Stlth    ++........             (no amulet)
HPRegen  0.26/turn              r - ring of resist corrosion
MPRegen  0.25/turn              z - ring of see invisible

@: repel missiles
A: no food or potions, fire vulnerability, cold resistance 1, negative energy
resistance 3, torment resistance, unbreathing, in touch with death 1
a: Potion Petition, Call Merchant, Bribe Branch, Renounce Religion


You were on level 1 of the Spider Nest.
You worshipped Gozag.
Gozag was aware of your devotion.
You were not hungry.

You visited 6 branches of the dungeon, and saw 26 of its levels.
You also visited: Gauntlet.

You collected 9156 gold pieces.
You spent 6387 gold pieces at shops.
You paid 2542 gold pieces to Gozag.

Inventory:

Hand Weapons
 g - a +4 falchion
Armour
 a - a +1 robe (worn)
 j - a +0 hat of intelligence (worn)
 k - a scarf of repulsion (worn)
 w - a cursed +0 buckler (worn)
 J - a +2 pair of gloves of dexterity (worn)
Magical Staves
 s - an uncursed staff of fire (weapon)
 v - an uncursed staff of air
Jewellery
 r - a ring of resist corrosion (left hand)
 z - a ring of see invisible (right hand)
 G - an uncursed ring of protection from cold
Wands
 b - a wand of paralysis (2)
 h - a wand of iceblast (36)
 o - a wand of acid (8)
 p - a wand of disintegration (26)
 u - a wand of flame (81)
 A - a wand of clouds (6)
 B - a wand of scattershot (3)
 E - a wand of digging (4)
Scrolls
 c - a scroll of fear {unknown}
 d - 9 scrolls of teleportation
 e - 3 scrolls of amnesia
 f - 13 scrolls of remove curse
 i - 5 scrolls of enchant weapon
 l - 5 scrolls of immolation
 m - 5 scrolls of magic mapping
 n - 3 scrolls of blinking
 q - 8 scrolls of identify
 t - 4 scrolls of fog
 x - 3 scrolls of enchant armour
 H - a scroll of torment {unknown}
 I - a scroll of acquirement {unknown}
Miscellaneous
 y - a phial of floods (inert)
 C - 4 phantom mirrors
 D - a lamp of fire (inert)
 K - 3 sacks of spiders
 L - 3 boxes of beasts


   Skills:
 - Level 1.5 Dodging
 - Level 1.5 Stealth
 - Level 4.0 Shields
 + Level 16.1 Spellcasting
 + Level 11.9 Conjurations
 + Level 12.1 Fire Magic
 + Level 9.4 Earth Magic
 + Level 9.5 Evocations


You had 29 spell levels left.
You knew the following spells:

 Your Spells              Type           Power        Failure   Level  Hunger
a - Flame Tongue          Conj/Fire      #####        1%          1    N/A
b - Conjure Flame         Conj/Fire      #######.     1%          3    N/A
c - Sticky Flame          Conj/Fire      #######.     1%          4    N/A
d - Fireball              Conj/Fire      #######...   1%          5    N/A
e - Bolt of Magma         Conj/Fire/Erth #######...   1%          5    N/A

Your spell library contained the following spells:

 Spells                   Type           Power        Failure   Level  Hunger
 Magic Dart               Conj           ####         1%          1    N/A
 Sting                    Conj/Pois      ####         1%          1    N/A
 Throw Flame              Conj/Fire      ######       1%          2    N/A
 Inner Flame              Hex/Fire       ######..     1%          3    N/A
 Mephitic Cloud           Conj/Pois/Air  #####...     1%          3    N/A
 Stone Arrow              Conj/Erth      ######       1%          3    N/A
 Animate Skeleton         Necr           N/A          3%          1    N/A
 Apportation              Tloc           ###...       3%          1    N/A
 Confusing Touch          Hex            ###...       3%          1    N/A
 Infusion                 Chrm           ###.         3%          1    N/A
 Summon Butterflies       Summ           ###.....     3%          1    N/A
 Summon Small Mammal      Summ           ###.         3%          1    N/A
 Blink                    Tloc           N/A          4%          2    N/A
 Call Imp                 Summ           ###.....     4%          2    N/A
 Corpse Rot               Necr           N/A          4%          2    N/A
 Poisonous Vapours        Pois/Air       ###...       4%          2    N/A
 Shroud of Golubria       Chrm/Tloc      ###...       4%          2    N/A
 Slow                     Hex            ###.....     4%          2    N/A
 Song of Slaying          Chrm           ###.....     4%          2    N/A
 Leda's Liquefaction      Hex/Erth       #####.....   4%          4    N/A
 Iron Shot                Conj/Erth      ######....   6%          6    N/A
 Iskenderun's Battlesphe  Conj/Chrm      #####...     8%          5    N/A
 Venom Bolt               Conj/Pois      #####.....   8%          5    N/A
 Lesser Beckoning         Tloc           ###.......   10%         3    N/A
 Spectral Weapon          Hex/Chrm       ###.....     10%         3    N/A
 Tukima's Dance           Hex            ###.....     10%         3    N/A
 Orb of Destruction       Conj           ######....   21%         7    N/A
 Olgreb's Toxic Radiance  Pois           ###.....     32%         4    N/A
 Alistair's Intoxication  Tmut/Pois      ###.....     65%         5    N/A
 Summon Forest            Summ/Tloc      ###.......   65%         5    N/A
 Spellforged Servitor     Conj/Summ      #####.....   94%         7    N/A
 Invisibility             Hex            ###.....     99%         6    N/A
 Summon Hydra             Summ           ###.......   100%        7    N/A
 Regeneration             Chrm/Necr      Unusable     N/A         3    N/A
 Hydra Form               Tmut           Unusable     N/A         6    N/A

Dungeon Overview and Level Annotations

Branches:
Dungeon (15/15)            Temple (1/1) D:7            Lair (6/6) D:11
 Shoals (1/4) Lair:2       Spider (1/4) Lair:4        Slime (0/5) Lair:6
    Orc (2/2) D:10            Elf (0/3) Orc:2        Vaults (0/5) D:13
 Depths: D:15

Altars:
Ashenzari
Cheibriados
Dithmenos
Gozag
Hepliaklqana
Kikubaaqudgha
Makhleb
Nemelex Xobeh
Okawaru
Qazlal
Ru
Sif Muna
Trog
Uskayaw
Vehumet
Wu Jian
Zin
The Shining One
Jiyva

Shops:
D:4 =!*=   D:5 (   D:7 *   D:8 :   D:12 }   D:14 }   Orc:2 *}[*%

Portals:
Pandemonium: Orc:2

Annotations:
D:8 3 runed translucent doors, vogonpoet's ghost, novice HuWn
D:10 3 runed translucent doors
D:13 1 runed translucent door, Ijustatesigmund's ghost, journeyman OpFi
Lair:5 1 runed translucent door


Innate Abilities, Weirdness & Mutations

You do not eat or drink.
Your flesh is vulnerable to fire.
You are immune to poison.
Your flesh is cold resistant. (rC+)
You are immune to negative energy. (rN+++)
You are immune to unholy pain and torment.
You can survive without breathing.
You are in touch with the powers of death.


Message History

The demonic crawler hits you.
The demonic crawler hits you but does no damage.
The demonic crawler hits you! The jumping spider closely misses you.
The jumping spider bites you. The wolf spider hits you!!
The wolf spider bites you.
The meliai calls down the wrath of its god upon you.
Something smites you!
The demonic crawler hits you but does no damage.
The demonic crawler hits you!
* * * LOW HITPOINT WARNING * * *
The demonic crawler hits you.
* * * LOW HITPOINT WARNING * * *
The jumping spider pounces on you but does no damage.
The jumping spider closely misses you. The meliai hits you with a +0 hand axe!
* * * LOW HITPOINT WARNING * * *
The meliai barely misses you. The demonic crawler hits you!
* * * LOW HITPOINT WARNING * * *
The demonic crawler hits you.
You die...
Your body crumbles into a pile of gold.

$ ······
▒y·····
······▒▒·······
······▒········
··············▒
············^▒
···>·····^·$·▒
····ssss·····▒▒
▒ss@···(··▒
·····sys···$··▒
···············
$
····$··········
····s··········
·y···$$ss······
···▒···········
·······▒·······


You could see 2 demonic crawlers, 3 wolf spiders, 2 orb spiders, 2 jumping
spiders, a tarantella, a redback (wandering) and 3 meliai.

Vanquished Creatures
  Jorgrun (D:13)
  Rupert (Lair:4)
  Gastronok (D:11)
  A ghoul (D:15)
  Nessos (Lair:4)
  A minotaur (Gauntlet)
  Snorg (D:11)
  A vault guard (D:13)
  4 hydras
  A catoblepas (Lair:6)
  Erica (D:11)
  2 death knights
  8 death yaks
  5 two-headed ogres
  3 orc high priests (Orc:2)
  A tengu warrior (D:13)
  Urug (Orc:2)
  A sun demon (Orc:2)
  Sonja (D:11)
  A skeletal warrior (D:15)
  2 unseen horrors
  A gelid demonspawn (Orc:2)
  2 sea snakes
  A torturous demonspawn (Orc:2)
  A phantasmal warrior (D:13)
  2 wizards (Gauntlet)
  A lindwurm (D:13)
  7 orc knights
  An oklob plant (Gauntlet)
  9 orc sorcerers
  2 cyclopes (D:12)
  3 deep elf magi
  A wolf spider zombie (D:15)
  13 elephants
  2 manticores
  7 ugly things
  9 black mambas
  5 centaur zombies
  10 spiny frogs
  5 centaur skeletons
  3 gargoyles
  8 komodo dragons
  A kobold demonologist (D:13)
  A yaktaur (shapeshifter) (D:14)
  2 freezing wraiths (D:13)
  3 rime drakes
  An ice devil (Orc:2)
  A red devil (Orc:2)
  2 hellwings (Orc:2)
  A jumping spider (Spider:1)
  2 tengu conjurers
  4 polar bears
  8 trolls
  7 hornets
  3 meliai (D:15)
  A queen bee (Lair:2)
  Prince Ribbit (D:7)
  14 blink frogs
  9 hippogriffs
  A snapping turtle (Lair:2)
  2 dream sheep (Lair:6)
  A vampire (D:14)
  33 yaks
  2 redbacks (Spider:1)
  2 wraiths
  2 shadows
  13 spriggans (Lair:6)
  A basilisk (Lair:6)
  Grum (D:9)
  A steam dragon (D:10)
  4 hungry ghosts
  2 wargs (Orc:2)
  An acid dragon (Gauntlet)
  13 water moccasins
  10 ice beasts
  6 porcupines
  Duvessa (D:7)
  43 orc warriors
  4 phantoms
  A swamp drake (Orc:1)
  8 black bears
  3 hornet zombies
  3 sky beasts
  A necrophage (D:7)
  20 ogres
  5 boggarts (Lair:6)
  11 centaurs
  32 wolves
  11 crocodiles
  21 bullfrogs
  14 big kobolds
  A wyvern zombie (D:10)
  A water moccasin zombie (D:5)
  Dowan (D:7)
  7 scorpions
  32 killer bees
  3 electric eels
  4 crimson imps
  4 howler monkeys
  2 lava snakes (D:9)
  2 bullfrog zombies
  A quasit (D:12)
  9 hounds
  A jelly (D:11)
  3 bullfrog skeletons (D:10)
  24 orc priests
  An iron imp (Orc:1)
  31 orc wizards
  4 iguanas
  17 worker ants
  A killer bee zombie (D:6)
  3 hound skeletons
  A mummy (D:15)
  7 gnolls
  A howler monkey zombie (D:8)
  12 adders
  9 shadow imps
  3 white imps
  3 oozes
  2 adder zombies
  7 worms
  An adder skeleton (D:6)
  3 dart slugs
  7 leopard geckos
  117 orcs
  7 giant cockroaches
  8 hobgoblins
  15 jackals
  4 quokkas
  3 ball pythons
  13 bats
  6 frilled lizards
  A giant cockroach zombie (D:5)
  10 goblins
  62 kobolds
  6 kobold skeletons (D:8)
  12 kobold zombies (D:8)
  2 quokka skeletons
  7 rats
  3 plants
950 creatures vanquished.

Vanquished Creatures (collateral kills)
  A dire elephant (D:15)
  A manticore (D:15)
2 creatures vanquished.

Vanquished Creatures (others)
  A kobold demonologist (D:8)
  An orc (Orc:1)
  13 fungi
  4 plants
19 creatures vanquished.

Grand Total: 971 creatures vanquished

Notes
Turn   | Place    | Note
-------+----------+-------------------------------------------
     0 | D:1      | Azzok the Mummy Fire Elementalist began the quest for the
                  | Orb.
     0 | D:1      | Reached XP level 1. HP: 13/13 MP: 4/4
   120 | D:1      | Reached skill level 1 in Conjurations
   229 | D:1      | Reached skill level 3 in Spellcasting
   283 | D:1      | Reached XP level 2. HP: 18/19 MP: 1/6
   813 | D:1      | Reached XP level 3. HP: 24/24 MP: 5/7
  1062 | D:1      | You fall into a shaft and drop 1 floor!
  1062 | D:2      | Found a hide-covered altar of Uskayaw.
  1448 | D:2      | Found an ornate altar of the Wu Jian Council.
  1451 | D:2      | Found a shattered altar of Ashenzari.
  1454 | D:2      | Found an iron altar of Okawaru.
  1680 | D:2      | Reached XP level 4. HP: 21/30 MP: 6/9
  2344 | D:2      | Reached skill level 4 in Spellcasting
  2683 | D:2      | Learned a level 3 spell: Conjure Flame
  2688 | D:2      | Learned a level 4 spell: Sticky Flame
  2709 | D:3      | Reached XP level 5. HP: 35/35 MP: 5/11
  3744 | D:3      | Learned a level 5 spell: Fireball
  3849 | D:4      | Found Anets's Distillery.
  4032 | D:4      | Noticed an ogre
  4042 | D:4      | Killed an ogre
  4042 | D:4      | Reached skill level 5 in Spellcasting
  4042 | D:4      | Reached XP level 6. HP: 41/41 MP: 5/13
  4285 | D:4      | Found Aboosto's Assorted Antiques.
  4389 | D:4      | Found Wanoom's Jewellery Boutique.
  4395 | D:4      | Bought a cursed -2 ring of intelligence for 26 gold pieces
  4395 | D:4      | Bought a cursed -3 ring of dexterity for 26 gold pieces
  4456 | D:4      | Reached XP level 7. HP: 9/46 MP: 0/15
  4720 | D:4      | Reached skill level 6 in Spellcasting
  4805 | D:4      | Found Otasyl's Jewellery Shoppe.
  5067 | D:5      | Entered Level 5 of the Dungeon
  5334 | D:5      | Found a sparkling altar of Nemelex Xobeh.
  5610 | D:5      | Reached skill level 5 in Fire Magic
  5862 | D:5      | Reached XP level 8. HP: 51/52 MP: 11/18
  5911 | D:5      | Found a shattered altar of Ashenzari.
  5947 | D:5      | Reached skill level 7 in Spellcasting
  6101 | D:5      | Found Bine's Antique Weapon Boutique.
  6680 | D:6      | Reached skill level 5 in Conjurations
  6828 | D:6      | Got an ancient marble ring
  6830 | D:6      | Identified the ring of Bojodi {Int-2 Dex+7 Slay+2 Stlth-}
                  | (You found it on level 6 of the Dungeon)
  6851 | D:6      | Reached skill level 8 in Spellcasting
  6976 | D:6      | Found a burning altar of Makhleb.
  7327 | D:7      | Reached XP level 9. HP: 55/57 MP: 6/21
  7481 | D:7      | Noticed Prince Ribbit
  7488 | D:7      | Killed Prince Ribbit
  7551 | D:7      | Found a glowing golden altar of the Shining One.
  7588 | D:7      | Found a staircase to the Ecumenical Temple.
  7629 | D:7      | Reached skill level 9 in Spellcasting
  7732 | D:7      | Noticed Dowan
  7764 | Temple   | Entered the Ecumenical Temple
  7810 | Temple   | Became a worshipper of Gozag Ym Sagoz the Greedy
  8052 | D:7      | Found a sacrificial altar of Ru.
  8115 | D:7      | Found Ynumoum's General Store.
  8122 | D:7      | Bought a scroll of identify for 30 gold pieces
  8122 | D:7      | Bought a scroll of magic mapping for 52 gold pieces
  8264 | D:7      | Noticed Duvessa
  8273 | D:7      | Killed Duvessa
  8277 | D:7      | Killed Dowan
  9368 | D:8      | Reached skill level 10 in Spellcasting
  9623 | D:8      | Found Jufo's Book Emporium.
  9892 | D:8      | Found a radiant altar of Vehumet.
 10000 | D:8      | Reached XP level 10. HP: 41/63 MP: 18/24
 11136 | D:8      | Found an ancient bone altar of Kikubaaqudgha.
 11341 | D:8      | Found a bloodstained altar of Trog.
 11435 | D:8      | Found a runed translucent gate.
 11435 | D:8      | Found a runed translucent gate.
 11448 | D:8      | Found a runed translucent gate.
 11452 | D:8      | Noticed vogonpoet's ghost (novice HuWn)
 11534 | D:9      | Noticed Grum
 11685 | D:9      | Reached skill level 1 in Evocations
 11748 | D:8      | Bought a book of Power for 675 gold pieces
 11754 | D:8      | Learned a level 5 spell: Bolt of Magma
 11773 | D:9      | Reached skill level 11 in Spellcasting
 11871 | D:9      | Killed Grum
 11887 | D:8      | Reached skill level 1 in Earth Magic
 12848 | D:9      | Found a snail-covered altar of Cheibriados.
 12861 | D:9      | Reached XP level 11. HP: 68/68 MP: 10/26
 13050 | D:9      | Found a sparkling altar of Nemelex Xobeh.
 13054 | D:9      | Found a stormy altar of Qazlal.
 13103 | D:9      | Found a glowing golden altar of the Shining One.
 13269 | D:10     | Entered Level 10 of the Dungeon
 13325 | D:10     | Found a runed translucent gate.
 13326 | D:10     | Found a runed translucent gate.
 13326 | D:10     | Found a runed translucent gate.
 13327 | D:10     | Noticed a glowing orange brain
 13328 | D:10     | Noticed a brown ugly thing
 13328 | D:10     | Noticed a purple ugly thing
 13383 | D:10     | Noticed a cyan ugly thing
 13383 | D:10     | Noticed a purple ugly thing
 13535 | D:10     | Noticed a purple ugly thing
 13548 | D:10     | You fall into a shaft and drop 3 floors!
 14363 | D:12     | Noticed a two-headed ogre
 14372 | D:12     | Killed a two-headed ogre
 14443 | D:12     | Reached skill level 12 in Spellcasting
 14546 | D:11     | Noticed a cyan ugly thing
 14666 | D:12     | Noticed a deep elf mage
 14685 | D:11     | Noticed an unseen horror
 14932 | D:11     | Noticed Sonja
 15206 | D:12     | Noticed a cyan ugly thing
 15213 | D:12     | Killed a cyan ugly thing
 15469 | D:12     | Found Edidanyf's Gadget Emporium.
 15496 | D:12     | Noticed a two-headed ogre
 15502 | D:12     | Killed a two-headed ogre
 15503 | D:12     | Noticed an orc knight
 15566 | D:12     | Killed an orc knight
 15566 | D:12     | Reached XP level 12. HP: 24/74 MP: 2/28
 16931 | D:12     | Reached skill level 5 in Evocations
 17730 | D:11     | Killed Sonja
 17730 | D:11     | Reached skill level 5 in Earth Magic
 17845 | D:11     | Noticed Snorg
 18111 | D:11     | Reached skill level 13 in Spellcasting
 18242 | D:11     | HP: 1/74 [red ugly thing (21)]
 18617 | D:11     | Killed Snorg
 18661 | D:11     | Noticed Gastronok
 18668 | D:11     | Killed Gastronok
 19108 | D:11     | Noticed Erica
 19114 | D:11     | Killed Erica
 19263 | D:11     | Found a staircase to the Lair.
 19689 | D:10     | Noticed a two-headed ogre
 19692 | D:10     | Killed a two-headed ogre
 19821 | D:10     | Reached skill level 10 in Fire Magic
 20209 | D:10     | Gained mutation: You are in touch with the powers of death.
                  | [Mummy growth]
 20209 | D:10     | Reached XP level 13. HP: 74/79 MP: 16/30
 21138 | D:10     | Found a staircase to the Orcish Mines.
 21923 | Lair:1   | Entered Level 1 of the Lair of Beasts
 22593 | Lair:1   | Reached skill level 10 in Conjurations
 24294 | Lair:2   | Reached skill level 14 in Spellcasting
 25839 | Lair:2   | Found a staircase to the Shoals.
 28250 | Lair:4   | Found a hole to the Spider Nest.
 28348 | Lair:4   | Noticed Rupert
 28361 | Lair:4   | Killed Rupert
 28387 | Lair:4   | Reached XP level 14. HP: 73/85 MP: 3/32
 28404 | Lair:4   | Found a gate leading to a gauntlet.
 28413 | Gauntlet | Entered a Gauntlet
 28413 | Gauntlet | Found a transporter.
 28413 | Gauntlet | Found a transporter.
 28516 | Gauntlet | Found a transporter.
 28516 | Gauntlet | Found a transporter.
 28527 | Gauntlet | Found a transporter.
 28531 | Gauntlet | Found a transporter.
 28537 | Gauntlet | Found a transporter.
 28537 | Gauntlet | Found a transporter.
 28572 | Gauntlet | Found a transporter.
 28594 | Gauntlet | Found a transporter.
 28634 | Gauntlet | Found a transporter.
 28643 | Gauntlet | Found a transporter.
 28663 | Gauntlet | Found a transporter.
 28751 | Gauntlet | Found a transporter.
 28766 | Gauntlet | Found a transporter.
 28781 | Gauntlet | Found a transporter.
 29627 | Lair:4   | Noticed Nessos
 29725 | Lair:4   | Killed Nessos
 29996 | Lair:4   | Reached skill level 1 in Shields
 30584 | Lair:4   | You fall into a shaft and drop 1 floor!
 31876 | Lair:5   | Found a runed translucent door.
 32304 | Lair:6   | Entered Level 6 of the Lair of Beasts
 33051 | Lair:6   | Reached skill level 15 in Spellcasting
 35123 | Lair:6   | Found a staircase to the Slime Pits.
 35123 | Lair:6   | Found a viscous altar of Jiyva.
 36458 | Orc:1    | Entered Level 1 of the Orcish Mines
 36784 | Orc:1    | Reached XP level 15. HP: 90/90 MP: 10/34
 37858 | Orc:2    | Entered Level 2 of the Orcish Mines
 39067 | Orc:2    | Found Lapt's Assorted Antiques.
 39294 | Orc:2    | Found a staircase to the Elven Halls.
 39315 | Orc:2    | Noticed Urug
 39322 | Orc:2    | Killed Urug
 39871 | Orc:2    | Found Wics's Food Shoppe.
 40214 | Orc:2    | Found Ligutz's General Store.
 40322 | Orc:2    | Bought a scroll of blinking for 82 gold pieces
 41948 | Orc:2    | Found Woschat's Gadget Boutique.
 41948 | Orc:2    | Found a one-way gate leading to the halls of Pandemonium.
 41948 | Orc:2    | Found Otteihog's Antique Armour Shop.
 42307 | Orc:2    | Bought a scroll labeled LOBBEN WAIROKK for 28 gold pieces
 42307 | Orc:2    | Bought 3 scrolls of identify for 168 gold pieces
 42307 | Orc:2    | Bought a scroll of identify for 56 gold pieces
 42307 | Orc:2    | Bought a scroll of fog for 56 gold pieces
 42675 | Orc:2    | Bought a pair of embroidered gloves for 217 gold pieces
 42675 | Orc:2    | Bought a shiny helmet for 217 gold pieces
 42711 | Orc:2    | Bought a wand of acid (7) for 308 gold pieces
 42711 | Orc:2    | Bought a wand of iceblast (10) for 196 gold pieces
 42711 | Orc:2    | Bought a wand of clouds (5) for 378 gold pieces
 42711 | Orc:2    | Bought a sack of spiders for 280 gold pieces
 42711 | Orc:2    | Bought a wand of disintegration (15) for 266 gold pieces
 42711 | Orc:2    | Bought a box of beasts for 280 gold pieces
 42711 | Orc:2    | Bought a box of beasts for 280 gold pieces
 42711 | Orc:2    | Bought a wand of acid (4) for 224 gold pieces
 42711 | Orc:2    | Bought a sack of spiders for 280 gold pieces
 42856 | D:12     | Bought a phial of floods for 520 gold pieces
 42856 | D:12     | Bought a wand of scattershot (4) for 312 gold pieces
 42856 | D:12     | Bought a sack of spiders for 260 gold pieces
 42856 | D:12     | Bought a wand of iceblast (6) for 130 gold pieces
 42856 | D:12     | Bought a phantom mirror for 390 gold pieces
 42856 | D:12     | Bought a box of beasts for 260 gold pieces
 42856 | D:12     | Bought a phantom mirror for 390 gold pieces
 43124 | D:13     | Noticed Jorgrun
 43444 | D:13     | HP: 1/90 [Jorgrun/+0 quarterstaff of crushing (10)]
 43447 | D:13     | Killed Jorgrun
 43786 | D:13     | Noticed Ijustatesigmund's ghost (journeyman OpFi)
 43794 | D:13     | Found a runed translucent door.
 44761 | D:13     | Found a gate to the Vaults.
 45383 | D:14     | Found Xovoj's Gadget Shop.
 46300 | D:14     | Reached skill level 16 in Spellcasting
 46610 | D:15     | Entered Level 15 of the Dungeon
 46767 | D:15     | HP: 3/90 [ghoul (7)]
 47877 | D:14     | Upgraded the game from 0.24-a0-433-gbe6fa4f6cc to
                  | 0.24-a0-434-gd57e52fea8
 48031 | Shoals:1 | Entered Level 1 of the Shoals
 48041 | Lair:2   | Reached XP level 16. HP: 30/96 MP: 1/36
 48350 | Spider:1 | Entered Level 1 of the Spider Nest
 48393 | Spider:1 | HP: 4/96 [demonic crawler (13)]
 48393 | Spider:1 | Slain by a demonic crawler

Levels and vault maps discovered:
D:1:      lightli_arrival_windingriver, layout_basic
D:2:      layout_basic, eat_drink_and_be_merry_uskayaw,
          nicolae_overflow_hidden_temple, grunt_temple_overflow_diamond,
          first_ration, chequers_serial_rivers_small_b
D:3:      layout_rooms, kennysheep_generic_room_15
D:4:      layout_loops_cross, serial_shops, shop, kennysheep_mini_moat,
          kennysheep_little_box, shop
D:5:      layout_basic, serial_shops, shop, basic_altar, evilmike_ruin_ashenzari
D:6:      layout_rooms, marbit_many_paths
D:7:      layout_layer_cave, nicolae_tso_swordbearing_angel, lemuel_round_altar,
          minmay_temple_entry_large_hall, serial_shops, shop_statue,
          uniq_duvessa, uniq_prince_ribbit1
D:8:      wander_kiku_kobolds, layout_rooms, lightli_temple_of_fire,
          serial_shops, kennysheep_mini, basic_altar, ebering_ghost_rock_garden,
          blue_anna_alchemist [blue_anna_fruit_fields, blue_anna_fruit_fields],
          minmay_unpleasant_kobolds
D:9:      layout_big_octagon, cheibriados_altar_1, minitemple, basic_altar,
          minmay_misc_feat_four_crosses, nicolae_lava_and_water,
          chequers_decorated_corner, uniq_grum
D:10:     minmay_the_grid_octo_tiled_squarecenter [minmay_the_grid_octo_toaster,
          minmay_the_grid_octo_fan_narrow, minmay_the_grid_octo_concentric,
          minmay_the_grid_octo_pinwheel,
          minmay_the_grid_square_5x5_megaprize_hollow,
          minmay_the_grid_square_5x5_hourglass,
          minmay_the_grid_square_5x5_three, minmay_the_grid_square_5x5_n,
          minmay_the_grid_square_5x5_bite], layout_irregular_city, orc_david_3,
          ploomutoo_gammafunk_ghost_potion_laboratory
D:11:     layout_rooms, david_lair_shrubbed, uniq_sonja, uniq_snorg, uniq_erica,
          uniq_gastronok
D:12:     layout_roguey [special_room_orc], serial_shops, nicolae_shop_stone
D:13:     layout_loops_cross, david_vaults_4, hellmonk_ghost_happy_afterlife,
          uniq_jorgrun
D:14:     layout_gridville, serial_shops, shop_fountains, moated_statue
D:15:     hangedman_depths_entry_try_elsewhere_first, layout_cave_pools,
          hex_medium, serial_undead, serial_undead_f, serial_undead_c,
          serial_undead_a, serial_undead_a, serial_undead_d, minivault_4
Temple:   cyrus_temple_forest
Lair:1:   cheibrodos_lair_river_kwai, layout_regular_city
Lair:2:   layout_cave_pods, minmay_shoals_entry_hut, special_room
          [special_room_bee], beast_lair_carwin_5, grunt_megastairs_3,
          serial_bayou_shore_b
Lair:3:   layout_cave_pods, nicolae_quartered_pool_medium
Lair:4:   layout_loops_ring, nicolae_spider_entry_non_spiders,
          gauntlet_entry_generic, grunt_megastairs_1, lemuel_fruit_fields,
          lemuel_fruit_tree, uniq_rupert, uniq_nessos
Lair:5:   layout_hall_layers, pf_torpor_hydra
Lair:6:   minmay_lair_end_enchanted_forest, layout_hall_layers, slime_altar_1
Shoals:1: layout_shoals, st_sunken_temple, uniq_kirke
Spider:1: layout_spider_delve, uniq_louise
Orc:1:    layout_diamond_mine, hangedman_minor_magic
Orc:2:    pf_orc_diabolical, layout_diamond_mine, serial_shops, shop, uniq_urug

Skill      XL: |  1  2  3  4  5  6  7  8  9 10 11 12 13 14 15 |
---------------+----------------------------------------------+-----
Conjurations   | 1 2 3 4 5 7 8 9 10 11 | 11.9
Spellcasting   | 3 4 5 6 8 10 11 12 13 14 15 16 | 16.1
Fire Magic     | 3 4 5 6 7 8 9 10 11 12 | 12.1
Evocations     | 2 4 6 7 8 9 |  9.5
Earth Magic    | 2 4 5 7 8 9 |  9.4
Shields        | 3 4 |  4.0
Dodging        | |  1.5
Stealth        | |  1.5

Action                   |  1- 3 |  4- 6 |  7- 9 | 10-12 | 13-15 | 16-18 || total
-------------------------+-------+-------+-------+-------+-------+-------++-------
Melee: Unarmed           |    12 |       |       |       |       |       ||    12
       Falchion          |       |    14 |    38 |       |       |       ||    52
       Staff             |       |       |       |    81 |    18 |       ||    99
 Cast: Flame Tongue      |    80 |   152 |   210 |   452 |   141 |       ||  1035
       Conjure Flame     |       |     2 |     2 |     9 |     2 |       ||    15
       Sticky Flame      |       |       |    33 |    53 |    95 |       ||   181
       Fireball          |       |       |     2 |    97 |   496 |     3 ||   598
       Bolt of Magma     |       |       |       |    17 |    73 |       ||    90
Invok: Potion Petition   |       |       |       |     2 |     3 |       ||     5
Evoke: Wand              |       |       |       |    31 |    25 |       ||    56
       Lamp of fire      |       |       |       |       |     5 |       ||     5
       Phial of floods   |       |       |       |       |     2 |       ||     2
       Sack of spiders   |       |       |       |       |     2 |       ||     2
  Use: Scroll            |       |       |     8 |     4 |     9 |       ||    21
 Stab: Distracted        |       |       |       |     1 |       |       ||     1
Armor: Robe              |    15 |    15 |    25 |   101 |    58 |     6 ||   220
Dodge: Dodged            |    64 |    59 |   109 |   224 |   145 |     8 ||   609
       Deflected         |       |       |    16 |    21 |    24 |       ||    61
Block: Buckler           |       |       |       |       |    30 |     2 ||    32
       Rpst.: Falchion   |       |    20 |    24 |       |       |       ||    44

Table legend:
 A = Non-vault XP
 B = Vault XP
 C = Vault XP percentage of total XP
 D = Non-vault monster count
 E = Vault monster count
 F = Vault count percentage of total count
                 A         B        C        D         E       F
            +---------+---------+-------+---------+---------+-------
      Total |   81240 |   73244 |  47.4 |     611 |     339 |  35.7
            +---------+---------+-------+---------+---------+-------
        D:1 |      53 |       0 |   0.0 |      32 |       0 |   0.0
        D:2 |     121 |       0 |   0.0 |      32 |       0 |   0.0
        D:3 |     167 |       1 |   0.6 |      27 |       1 |   3.6
        D:4 |     676 |       0 |   0.0 |      22 |       0 |   0.0
        D:5 |     792 |       0 |   0.0 |      23 |       0 |   0.0
        D:6 |     767 |       0 |   0.0 |      11 |       0 |   0.0
        D:7 |    1258 |     574 |  31.3 |      28 |       4 |  12.5
        D:8 |    1826 |    1190 |  39.5 |      30 |      58 |  65.9
        D:9 |    3447 |     414 |  10.7 |      46 |       3 |   6.1
       D:10 |    3751 |    3090 |  45.2 |      28 |      21 |  42.9
       D:11 |    3667 |    5278 |  59.0 |      28 |       5 |  15.2
       D:12 |   10231 |    1543 |  13.1 |      52 |      25 |  32.5
       D:13 |    7141 |    5902 |  45.3 |      46 |       5 |   9.8
       D:14 |    5959 |       0 |   0.0 |      30 |       0 |   0.0
       D:15 |    3490 |    5744 |  62.2 |      13 |       9 |  40.9
     Lair:1 |    3791 |    3109 |  45.1 |      22 |       6 |  21.4
     Lair:2 |    6425 |    6364 |  49.8 |      22 |      42 |  65.6
     Lair:3 |     345 |       0 |   0.0 |       3 |       0 |   0.0
     Lair:4 |    4660 |    8998 |  65.9 |      16 |      16 |  50.0
     Lair:5 |    5931 |       0 |   0.0 |      13 |       0 |   0.0
     Lair:6 |    8168 |    8703 |  51.6 |      24 |      49 |  67.1
   Shoals:1 |     745 |       0 |   0.0 |       1 |       0 |   0.0
   Spider:1 |     737 |       0 |   0.0 |       3 |       0 |   0.0
      Orc:1 |    2443 |    1159 |  32.2 |      17 |      16 |  48.5
      Orc:2 |    4649 |   17265 |  78.8 |      42 |      69 |  62.2
   Gauntlet |       0 |    3910 | 100.0 |       0 |      10 | 100.0
            +---------+---------+-------+---------+---------+-------
